[Event "Titled Tuesday Blitz May 2 Early 2023"]
[White "Van Foreest, Machteld"]
[Black "Di Nicolantonio, Lucas"]
[WhiteFideId "1051563"]
[BlackFideId "680460"]
[WhiteElo "2018"]
[BlackElo "2358"]
[Result "1-0"]
[Round "01"]
[TimeControl "180+2"]
[Date "2023.05.02"]
[WhiteClock "0:00:00"]
[BlackClock "0:00:00"]

1. e4 g6 2. d4 Bg7 3. Nf3 d6 4. Nc3 a6 5. a4 b6 6. Bc4 e6 7. O-O Bb7 8. Bg5 Ne7 9. Qe2 h6 10. Bf4 Nd7 11. Rad1 g5 12. Bg3 Ng6 13. e5 g4 14. Nd2 dxe5 15. dxe5 Ndxe5 16. f4 Nxc4 17. Nxc4 Qe7 18. Kh1 h5 19. f5 h4 20. Bd6 cxd6 21. Nxd6+ Kf8 22. fxg6 f5 23. Nxb7 Qxb7 24. Qxe6 Rh5 25. Rd7 Qxd7 26. Qxd7 Kg8 27. Qd5+ 1-0


[Site "https://www.chess.com"]

[Event "Titled Tuesday Blitz May 2 Early 2023"]
[White "Zhang, Eric"]
[Black "Koellner, Ruben Gideon"]
[WhiteFideId "2005719"]
[BlackFideId "12993093"]
[WhiteElo "2011"]
[BlackElo "2314"]
[Result "1/2-1/2"]
[Round "01"]
[TimeControl "180+2"]
[Date "2023.05.02"]
[WhiteClock "0:00:00"]
[BlackClock "0:00:00"]

1. e4 d6 2. d4 Nf6 3. Nc3 e5 4. Be3 Nbd7 5. Qd2 Ng4 6. Bg5 Be7 7. Bxe7 Qxe7 8. f3 Ngf6 9. O-O-O c6 10. g4 h6 11. h4 b5 12. Kb1 Bb7 13. Nh3 a6 14. g5 hxg5 15. hxg5 Nh5 16. g6 fxg6 17. Ng5 O-O-O 18. Ne2 Ndf6 19. Bh3+ Kb8 20. Ne6 Rde8 21. Qa5 Qf7 22. dxe5 dxe5 23. Nc5 Qc7 24. Nxa6+ Bxa6 25. Qxa6 Rd8 26. Qa3 Nf4 27. Nxf4 exf4 28. Be6 Rxh1 29. Rxh1 Nd7 30. Qc3 Ne5 31. a3 Kb7 32. Bb3 Kb6 33. Rg1 Qd6 34. Ka2 Qd4 35. Qe1 Qe3 36. Qxe3+ fxe3 37. Re1 Nxf3 38. Rxe3 Ne5 39. Rg3 Kc5 40. c3 Rd3 41. Rg5 Kd6 42. Bc2 Re3 43. Kb1 Re1+ 44. Ka2 Re2 45. Kb1 Ke6 46. b3 Kf6 47. Rg1 g5 48. Kc1 g4 49. a4 bxa4 50. bxa4 Re3 51. Kd2 Rh3 52. Rf1+ Nf3+ 53. Ke3 Ke5 54. Ke2 Rh2+ 55. Rf2 Rh1 56. Bb3 Re1+ 57. Kd3 Rb1 58. Kc2 Ra1 59. Kb2 Rh1 60. Rg2 Kf4 61. a5 g3 62. a6 Rh8 63. Be6 Ra8 64. Bc4 Ne1 65. Rg1 Nf3 66. Be2 Ne5 67. Rf1+ Kxe4 68. Rg1 Kf4 69. Kb3 c5 70. Ka4 c4 71. Kb5 Ke3 72. Bxc4 Nxc4 73. Rxg3+ Kf4 74. Rxg7 Nd6+ 75. Kb6 Ke5 76. Rg5+ Ke6 77. Rg6+ Kd5 78. Rg5+ Ke6 79. Rg6+ Kd7 80. Rg7+ Ke6 81. Rg6+ 1/2-1/2


[Site "https://www.chess.com"]

[Event "Titled Tuesday Blitz May 2 Early 2023"]
[White "Ardila, Oscar Humberto"]
[Black "Korchmar, Vasiliy"]
[WhiteFideId "4404742"]
[BlackFideId "24131750"]
[WhiteElo "1918"]
[BlackElo "2370"]
[Result "0-1"]
[Round "01"]
[TimeControl "180+2"]
[Date "2023.05.02"]
[WhiteClock "0:00:00"]
[BlackClock "0:00:00"]

1. d4 d5 2. c4 c6 3. cxd5 cxd5 4. Nc3 Nf6 5. Bf4 Nc6 6. Nf3 Nh5 7. Bg5 h6 8. Bc1 g6 9. e3 Bg7 10. Be2 O-O 11. O-O Nf6 12. b3 Bf5 13. Bb2 Rc8 14. Rc1 Ne4 15. Nxe4 Bxe4 16. Nd2 Bf5 17. g4 Bd7 18. Bf3 e5 19. Bxd5 exd4 20. exd4 Nxd4 21. Nc4 Bxg4 22. Bxf7+ Rxf7 23. Qxg4 Nf3+ 24. Kh1 Bxb2 25. Nxb2 Rxc1 26. Rxc1 Qd6 27. Qg2 Kh7 28. Nc4 Qf4 29. Rd1 Nh4 30. Qg3 Qe4+ 31. Kg1 Nf3+ 32. Kf1 Ng5 33. Kg1 Qc2 34. Qd3 Qxf2+ 35. Kh1 Nf3 0-1


[Site "https://www.chess.com"]

[Event "Titled Tuesday Blitz May 2 Early 2023"]
[White "Taichman, Ori"]
[Black "Fernandez Garcia, Gumersindo"]
[WhiteFideId "2804069"]
[BlackFideId "24516740"]
[WhiteElo "2237"]
[BlackElo "2093"]
[Result "0-1"]
[Round "01"]
[TimeControl "180+2"]
[Date "2023.05.02"]
[WhiteClock "0:00:00"]
[BlackClock "0:00:00"]

1. e4 c5 2. Nf3 g6 3. h4 Nf6 4. e5 Nd5 5. h5 Bg7 6. h6 Bf8 7. d4 cxd4 8. Qxd4 Nb6 9. Nc3 Nc6 10. Qe4 d6 11. exd6 Qxd6 12. Bf4 Qe6 13. O-O-O Qxe4 14. Nxe4 f6 15. Bb5 e5 16. Nxe5 fxe5 17. Bxe5 Rg8 18. Nf6+ Kf7 19. Nxg8 Kxg8 20. Bd3 Nxe5 21. Be4 Bf5 22. Bxb7 Rb8 23. Ba6 Ng4 24. Rhf1 Bxh6+ 25. Kb1 Bg7 26. f3 Ne3 27. Rfe1 Bxc2+ 0-1


[Site "https://www.chess.com"]

[Event "Titled Tuesday Blitz May 2 Early 2023"]
[White "Vaibhav Jayant Raut"]
[Black "Gheorghiu, Calin"]
[WhiteFideId "5089034"]
[BlackFideId "1200305"]
[WhiteElo "2156"]
[BlackElo "2223"]
[Result "1-0"]
[Round "01"]
[TimeControl "180+2"]
[Date "2023.05.02"]
[WhiteClock "0:00:00"]
[BlackClock "0:00:00"]

1. d4 Nf6 2. Bf4 d5 3. e3 c5 4. Nd2 Nc6 5. Ngf3 cxd4 6. exd4 Nh5 7. Be3 g6 8. c3 Bg7 9. Be2 O-O 10. O-O Qd6 11. h3 Nf4 12. Re1 Nxe2+ 13. Qxe2 Re8 14. c4 dxc4 15. Nxc4 Qd5 16. Nce5 Nxe5 17. dxe5 Bf5 18. Red1 Qa5 19. Bd4 Red8 20. Bc3 Qa4 21. Rd4 Rxd4 22. Nxd4 Bd7 23. b3 Qa3 24. Rd1 e6 25. Nb5 Bxb5 26. Qxb5 Qxa2 27. Qxb7 Rf8 28. Rd7 Qc2 29. Bd4 a5 30. Qb5 Ra8 31. Kh2 Qf5 32. g3 h5 33. h4 Rc8 34. Rc7 Rd8 35. Qc5 Kh7 36. Qc3 Rd5 37. Rc5 Rxc5 38. Qxc5 Qf3 39. Qxa5 Qxb3 40. Qd2 Qf3 41. Qe1 Bh6 42. Kg1 g5 43. hxg5 Bxg5 44. Qb1+ Qf5 45. Qd1 Kg6 46. Qe2 h4 47. gxh4 Bxh4 48. Kg2 Qg5+ 49. Kh3 Qh5 50. Qe4+ Kg7 51. Qxh4 1-0


[Site "https://www.chess.com"]

[Event "Titled Tuesday Blitz May 2 Early 2023"]
[White "Ansh M Shah"]
[Black "Mamedov, Edgar"]
[WhiteFideId "25033379"]
[BlackFideId "13739980"]
[WhiteElo "2084"]
[BlackElo "2330"]
[Result "0-1"]
[Round "01"]
[TimeControl "180+2"]
[Date "2023.05.02"]
[WhiteClock "0:00:00"]
[BlackClock "0:00:00"]

1. d3 d5 2. d4 Nf6 3. Nf3 c5 4. e3 Nc6 5. b3 cxd4 6. exd4 Bg4 7. Be2 e6 8. O-O Bd6 9. Bb2 Ne4 10. Nbd2 Qf6 11. Nxe4 dxe4 12. Ne5 Bxe2 13. Qxe2 Bxe5 14. dxe5 Qf5 15. Rfe1 e3 16. Qxe3 Qxc2 17. Ba3 Rd8 18. Bd6 f6 19. Rec1 Qf5 20. f4 g5 21. Rf1 g4 22. Rfc1 Kf7 23. Rc4 h5 24. Rac1 Rd7 25. b4 a6 26. a4 Rhd8 27. b5 axb5 28. axb5 Ne7 29. Rc7 Nd5 30. Rxd7+ Rxd7 31. Qd4 Qxf4 32. Qxf4 Nxf4 33. Kf2 Nd3+ 0-1


[Site "https://www.chess.com"]

[Event "Titled Tuesday Blitz May 2 Early 2023"]
[White "Mogirzan, Matei-Valeriu"]
[Black "Piesik, Piotr"]
[WhiteFideId "1257455"]
[BlackFideId "1136194"]
[WhiteElo "1733"]
[BlackElo "2299"]
[Result "1-0"]
[Round "01"]
[TimeControl "180+2"]
[Date "2023.05.02"]
[WhiteClock "0:00:00"]
[BlackClock "0:00:00"]

1. e4 g6 2. d4 Bg7 3. Nc3 c6 4. e5 d6 5. f4 Nh6 6. Nf3 Bg4 7. h3 Bxf3 8. Qxf3 Nf5 9. Be3 dxe5 10. dxe5 Nxe3 11. Qxe3 O-O 12. h4 h5 13. g4 hxg4 14. h5 gxh5 15. Rxh5 Qb6 16. Qe4 Rd8 17. Bd3 Qxb2 18. Rh8+ Bxh8 19. Qh7+ 1-0


[Site "https://www.chess.com"]

[Event "Titled Tuesday Blitz May 2 Early 2023"]
[White "Girya, Olga"]
[Black "Mushini Ajay"]
[WhiteFideId "4195752"]
[BlackFideId "35066188"]
[WhiteElo "2263"]
[BlackElo "2145"]
[Result "0-1"]
[Round "01"]
[TimeControl "180+2"]
[Date "2023.05.02"]
[WhiteClock "0:00:00"]
[BlackClock "0:00:00"]

1. d4 Nf6 2. Nf3 g6 3. Bg5 Bg7 4. Nbd2 O-O 5. c3 h6 6. Bh4 d5 7. e3 Nbd7 8. Be2 Re8 9. O-O e5 10. h3 e4 11. Nh2 c5 12. dxc5 Nxc5 13. Nb3 Nxb3 14. axb3 Be6 15. b4 a6 16. Ng4 g5 17. Nxf6+ Qxf6 18. Bg3 Red8 19. b5 axb5 20. Bxb5 Rxa1 21. Qxa1 h5 22. Be2 g4 23. h4 Qe7 24. Qa7 Bf6 25. Ra1 Bc8 26. Qb6 Bxh4 27. Bxh4 Qxh4 28. g3 Qe7 29. Ra8 Kg7 30. Qd4+ Qf6 31. Bd1 Qxd4 32. cxd4 Kf6 33. Bb3 Ke6 34. Ra5 Rd6 35. Rb5 b6 36. Ba2 Ba6 37. Rb4 Rc6 38. Kg2 Be2 0-1


[Site "https://www.chess.com"]

[Event "Titled Tuesday Blitz May 2 Early 2023"]
[White "Szente Varga, Fruzsina"]
[Black "Bruedigam, Martin"]
[WhiteFideId "712264"]
[BlackFideId "24608033"]
[WhiteElo "1994"]
[BlackElo "2331"]
[Result "0-1"]
[Round "01"]
[TimeControl "180+2"]
[Date "2023.05.02"]
[WhiteClock "0:00:00"]
[BlackClock "0:00:00"]

1. e4 c6 2. d4 d5 3. e5 Bf5 4. Bd3 Bxd3 5. Qxd3 e6 6. c3 c5 7. Ne2 Nc6 8. O-O Qb6 9. Nd2 Nge7 10. f4 Nf5 11. Nf3 h5 12. Kh1 h4 13. a3 a5 14. Rb1 a4 15. Rd1 Be7 16. Bd2 g6 17. Be1 Qa6 18. Qxa6 bxa6 19. b4 axb3 20. Rxb3 Kd7 21. Rb7+ Kc8 22. Rdb1 Rb8 23. Rxb8+ Nxb8 24. Rb6 Kc7 25. Rb2 c4 26. Kg1 Nd7 27. Kf2 Kc6 28. Kf1 Ne3+ 29. Kg1 Nb6 30. Bf2 Nf5 31. Be1 h3 32. g4 Ne3 33. g5 Ra8 34. Ra2 Na4 35. Kf2 Nf5 36. Nfg1 Rb8 37. Kf3 Rb1 38. Bf2 Rb3 39. Nxh3 Rxa3 40. Rxa3 Bxa3 41. Be1 Nb6 42. Nf2 Kb5 43. Nd1 Ka4 44. Bd2 Kb3 45. Ne3 Nxe3 46. Bxe3 Nc8 47. h4 Ne7 48. Kg4 Bb2 49. Bd2 Kc2 50. Be3 Nf5 51. Bf2 Bxc3 52. Nxc3 Kxc3 53. h5 gxh5+ 54. Kxh5 Kd2 55. g6 fxg6+ 56. Kxg6 c3 57. Kf6 c2 58. Kxe6 c1=Q 59. Kxf5 Ke2 60. Bh4 Kf3 61. Bg5 Qc2+ 62. Kf6 Kg4 63. Ke6 Qc6+ 64. Kf7 Kf5 65. Kg7 Qe6 0-1


[Site "https://www.chess.com"]

[Event "Titled Tuesday Blitz May 2 Early 2023"]
[White "Mendez Fortes, Eduardo Jesus"]
[Black "Kalajzic, Ivan"]
[WhiteFideId "3502376"]
[BlackFideId "14506378"]
[WhiteElo "2307"]
[BlackElo "2203"]
[Result "0-1"]
[Round "01"]
[TimeControl "180+2"]
[Date "2023.05.02"]
[WhiteClock "0:00:00"]
[BlackClock "0:00:00"]

1. e4 Nc6 2. Nf3 d6 3. Bb5 a6 4. Bxc6+ bxc6 5. O-O Nf6 6. Re1 Nd7 7. d4 c5 8. d5 g6 9. c4 Bg7 10. Qc2 O-O 11. Bd2 Re8 12. Bc3 e5 13. dxe6 Rxe6 14. Bxg7 Kxg7 15. Nc3 Bb7 16. Nd2 Qf6 17. Nd5 Bxd5 18. cxd5 Re7 19. Re2 Rae8 20. Rae1 Qd4 21. Kh1 f5 22. f3 Nf6 23. Nb3 Qa4 24. exf5 Rxe2 25. Rxe2 Rxe2 26. Qxe2 Nxd5 27. fxg6 hxg6 28. Nc1 Qd4 29. h3 Ne3 30. Nd3 Nf5 31. g4 Ng3+ 0-1


[Site "https://www.chess.com"]

[Event "Titled Tuesday Blitz May 2 Early 2023"]
[White "Malek, Jan"]
[Black "Makhmudov, Shukhrat"]
[WhiteFideId "21864080"]
[BlackFideId "14200775"]
[WhiteElo "2255"]
[BlackElo "2135"]
[Result "1-0"]
[Round "01"]
[TimeControl "180+2"]
[Date "2023.05.02"]
[WhiteClock "0:00:00"]
[BlackClock "0:00:00"]

1. f4 e5 2. fxe5 d6 3. Nf3 dxe5 4. e4 Bc5 5. Bc4 Nf6 6. d3 Ng4 7. Qe2 Nc6 8. h3 Bf2+ 9. Kf1 Bb6 10. hxg4 Bxg4 11. c3 Qf6 12. Be3 O-O-O 13. Nd2 h6 14. Kg1 g5 15. Rf1 Qe7 16. b4 f6 17. a4 Bxe3+ 18. Qxe3 Be6 19. Ne1 Bxc4 20. Nxc4 Qe6 21. Qh3 g4 22. Qh5 Ne7 23. Rh4 Rdg8 24. Ne3 Rg5 25. Qxh6 Rxh6 26. Rxh6 Rg6 27. Rxg6 Nxg6 28. Nd5 c6 29. Rxf6 Qg8 30. Rxg6 Qh8 31. Ne7+ Kd7 32. Nf5 Qh5 33. Rg7+ Kd8 34. Nc2 g3 35. Nce3 Qe2 36. Rxg3 Qxd3 37. Rg8+ Kd7 38. Ng4 Qxc3 39. Rg7+ Kd8 40. Nf6 Qxb4 41. Rd7+ Kc8 42. Nd6+ Kb8 43. Rxb7+ Qxb7 44. Nxb7 Kxb7 45. Nd7 Kc7 46. Nxe5 Kd6 47. Nxc6 Kxc6 48. g4 Kd6 49. g5 Ke5 50. Kf2 a5 51. Ke3 1-0


[Site "https://www.chess.com"]

[Event "Titled Tuesday Blitz May 2 Early 2023"]
[White "Tsyhanchuk, Stanislav"]
[Black "Domingo Nunez, Ruben"]
[WhiteFideId "13505130"]
[BlackFideId "22245570"]
[WhiteElo "2173"]
[BlackElo "2404"]
[Result "0-1"]
[Round "01"]
[TimeControl "180+2"]
[Date "2023.05.02"]
[WhiteClock "0:00:00"]
[BlackClock "0:00:01"]

1. c4 f5 2. d4 Nf6 3. Nc3 d6 4. g3 g6 5. Bg2 Bg7 6. e3 O-O 7. Nge2 Nc6 8. d5 Ne5 9. b3 c5 10. Bb2 a6 11. O-O b5 12. cxb5 axb5 13. Nxb5 Ba6 14. Nbc3 Qb6 15. Qd2 Rfb8 16. Rfd1 Nc4 17. bxc4 Qxb2 18. Qxb2 Rxb2 19. Nf4 Ng4 20. Nce2 Bxc4 21. h3 Bxe2 22. Nxe2 Rxe2 23. a4 0-1


[Site "https://www.chess.com"]

[Event "Titled Tuesday Blitz May 2 Early 2023"]
[White "Ismagilov, Damir"]
[Black "Vasques, Antonio Pedro Freixial"]
[WhiteFideId "34199982"]
[BlackFideId "1908332"]
[WhiteElo "2078"]
[BlackElo "2212"]
[Result "1-0"]
[Round "01"]
[TimeControl "180+2"]
[Date "2023.05.02"]
[WhiteClock "0:00:01"]
[BlackClock "0:00:01"]

1. d4 Nf6 2. Nf3 e6 3. Bg5 d5 4. Nbd2 h6 5. Bxf6 Qxf6 6. e4 c6 7. Bd3 b6 8. O-O Ba6 9. Bxa6 Nxa6 10. exd5 cxd5 11. c4 Nb8 12. Qa4+ Nd7 13. cxd5 exd5 14. Rfe1+ Be7 15. Ne5 Qd6 16. Nc6 1-0


[Site "https://www.chess.com"]

[Event "Titled Tuesday Blitz May 2 Early 2023"]
[White "Buchenau, Frank"]
[Black "Lenaerts, Lennert"]
[WhiteFideId "4604350"]
[BlackFideId "211435"]
[WhiteElo "2157"]
[BlackElo "2334"]
[Result "0-1"]
[Round "01"]
[TimeControl "180+2"]
[Date "2023.05.02"]
[WhiteClock "0:00:00"]
[BlackClock "0:00:00"]

1. e4 e5 2. Bc4 Nf6 3. d3 Nc6 4. Nf3 Bc5 5. O-O O-O 6. c3 d5 7. exd5 Nxd5 8. Re1 Bg4 9. h3 Bh5 10. b4 Bb6 11. b5 Na5 12. Rxe5 Nxc4 13. Rxh5 Nf6 14. Bg5 Nd6 15. Nbd2 a6 16. a4 axb5 17. axb5 Rxa1 18. Qxa1 Nde8 19. d4 Qd7 20. Rh4 Qxb5 21. c4 Qa5 22. Qxa5 Bxa5 23. Nb3 Bb4 24. Ne5 h6 25. Be3 Nd6 26. Rf4 Ra8 27. Nd3 Bc3 28. c5 Nb5 29. Bd2 Ra3 30. Bxc3 Rxb3 0-1


[Site "https://www.chess.com"]

[Event "Titled Tuesday Blitz May 2 Early 2023"]
[White "Zaichenko, Daria"]
[Black "Baskin, Robert"]
[WhiteFideId "4197453"]
[BlackFideId "24662402"]
[WhiteElo "2039"]
[BlackElo "2472"]
[Result "0-1"]
[Round "01"]
[TimeControl "180+2"]
[Date "2023.05.02"]
[WhiteClock "0:00:00"]
[BlackClock "0:00:00"]

1. e4 c5 2. Nf3 e6 3. d4 cxd4 4. Nxd4 Nf6 5. Nc3 Nc6 6. Ndb5 Bc5 7. Nd6+ Ke7 8. Nxc8+ Rxc8 9. Bd3 Ne5 10. O-O Re8 11. Na4 Bd4 12. c3 Bb6 13. Nxb6 Qxb6 14. Bg5 h6 15. Bxf6+ gxf6 16. Rb1 Rg8 17. Kh1 Ng4 18. Qe2 Rc5 19. f3 Nxh2 20. Rf2 Rh5 21. Kg1 Qd6 22. g4 Qg3+ 23. Rg2 Nxf3+ 24. Kf1 Rh1+ 25. Rg1 Rxg1# 0-1


[Site "https://www.chess.com"]

[Event "Titled Tuesday Blitz May 2 Early 2023"]
[White "Nikologorskiy, Konstantin"]
[Black "Hinds, Nathan"]
[WhiteFideId "24111708"]
[BlackFideId "7400730"]
[WhiteElo "2293"]
[BlackElo "2001"]
[Result "1-0"]
[Round "01"]
[TimeControl "180+2"]
[Date "2023.05.02"]
[WhiteClock "0:00:00"]
[BlackClock "0:00:00"]

1. d4 Nf6 2. c4 e6 3. Nf3 Bb4+ 4. Bd2 Qe7 5. g3 O-O 6. Nc3 c5 7. Bg2 Nc6 8. d5 Nd4 9. O-O e5 10. Ne1 d6 11. e3 Nf5 12. a3 Bxc3 13. Bxc3 g6 14. b4 b6 15. b5 Ng7 16. Nd3 Bf5 17. Qe2 Ne4 18. Bb2 h5 19. f3 Nf6 20. e4 Bd7 21. Bc1 Nh7 22. Bh6 f5 23. f4 exf4 24. Bxf4 fxe4 25. Qxe4 Qxe4 26. Bxe4 Bf5 27. Nf2 Rad8 28. Rae1 Nf6 29. Bf3 Rfe8 30. Rxe8+ Ngxe8 31. Re1 Kf7 32. Bg5 Rd7 33. Bg2 Re7 34. Rf1 Re2 35. Bh3 Ng7 36. Bf4 Nfe8 37. Bxf5 Nxf5 38. Nh3 Ke7 39. Ng5 Ra2 40. Re1+ Kd7 41. Nh7 Rxa3 42. Nf8+ Kd8 43. Bg5+ Kc7 44. Rxe8 Ra1+ 45. Kg2 Ra2+ 46. Kh3 Rf2 47. Ne6+ Kd7 48. Rd8# 1-0


[Site "https://www.chess.com"]

[Event "Titled Tuesday Blitz May 2 Early 2023"]
[White "Kornyukov, Alexey"]
[Black "Jia, Haoxiang"]
[WhiteFideId "4150457"]
[BlackFideId "8602999"]
[WhiteElo "2352"]
[BlackElo "2331"]
[Result "0-1"]
[Round "01"]
[TimeControl "180+2"]
[Date "2023.05.02"]
[WhiteClock "0:00:00"]
[BlackClock "0:00:00"]

1. e4 c5 2. Nf3 d6 3. c3 Nf6 4. Be2 Nc6 5. d4 cxd4 6. cxd4 g6 7. O-O Bg7 8. Nc3 O-O 9. Be3 Bg4 10. h3 Bxf3 11. Bxf3 e5 12. dxe5 dxe5 13. Qxd8 Rfxd8 14. Rfd1 Nd4 15. Bxd4 Rxd4 16. Nd5 Nxd5 17. exd5 Rc8 18. Rxd4 exd4 19. d6 Rd8 20. Bxb7 Rxd6 21. Be4 d3 22. Rd1 d2 23. Kf1 Bxb2 24. Ke2 Bc1 25. Bd3 f5 26. f4 Kf7 27. Bc4+ Kf6 28. Bb3 g5 29. fxg5+ Kxg5 30. Rf1 Rd4 31. Bc2 f4 32. Rf3 Rd5 33. Rf1 Re5+ 34. Kd1 h5 35. Ba4 a5 36. Bd7 Re4 37. Rg1 a4 38. Bc6 Rc4 39. Bd5 Rd4 40. Bc6 Kh4 41. Rf1 a3 42. Rf3 Kg5 43. Rf1 Rd6 44. Ba4 Re6 45. Bb3 Re3 46. Bd5 Rd3 47. Bf3 Kh4 48. Be2 Rd4 49. Rf3 Bb2 50. Rb3 Rd5 51. Bd3 Bc1 52. Be2 Re5 53. Rd3 Kg5 54. Rd4 h4 55. Rd8 Kf5 56. Rf8+ Ke4 57. Bf3+ Ke3 58. Rb8 Kf2 59. Kc2 Re3 60. Rd8 Rxf3 61. gxf3 Kxf3 62. Rd3+ Ke2 63. Rd4 f3 64. Re4+ Kf2 65. Kd1 Kg3 66. Rg4+ Kxh3 67. Rf4 Kg3 68. Kc2 Kxf4 0-1


[Site "https://www.chess.com"]

[Event "Titled Tuesday Blitz May 2 Early 2023"]
[White "Wadsworth, Matthew J"]
[Black "Bintang, Rasyid A. Hidayat"]
[WhiteFideId "415804"]
[BlackFideId "7105355"]
[WhiteElo "2330"]
[BlackElo "1820"]
[Result "1/2-1/2"]
[Round "01"]
[TimeControl "180+2"]
[Date "2023.05.02"]
[WhiteClock "0:00:00"]
[BlackClock "0:00:00"]

1. Nf3 d5 2. g3 Nf6 3. Bg2 Bf5 4. c4 c6 5. Qb3 Qb6 6. d3 e6 7. Be3 Qa6 8. Nh4 Bg4 9. h3 Bh5 10. g4 Bg6 11. O-O Nbd7 12. Nd2 Bc5 13. Bxc5 Nxc5 14. Qc2 Qb6 15. Rfc1 Ncd7 16. b4 O-O 17. a4 a6 18. Rab1 Rae8 19. Ndf3 e5 20. Nxg6 hxg6 21. g5 Nh5 22. cxd5 cxd5 23. Qc7 Qe6 24. Qxb7 Nf4 25. Rc6 Qf5 26. Kf1 e4 27. Nh4 Qxg5 28. Qxd7 Qxh4 29. dxe4 dxe4 30. Qg4 Nxg2 31. Kxg2 Qd8 32. Rxa6 e3 33. Ra5 exf2 34. Kxf2 Qd2 35. Rb3 Re6 36. Rd3 Rf6+ 37. Rf3 Re6 38. Rd3 Rf6+ 39. Rf3 Re6 40. Rd3 1/2-1/2


[Site "https://www.chess.com"]

[Event "Titled Tuesday Blitz May 2 Early 2023"]
[White "Suder, Jakub"]
[Black "Kostiukov, Alexandr"]
[WhiteFideId "1195310"]
[BlackFideId "14108100"]
[WhiteElo "2287"]
[BlackElo "2202"]
[Result "1-0"]
[Round "01"]
[TimeControl "180+2"]
[Date "2023.05.02"]
[WhiteClock "0:00:01"]
[BlackClock "0:00:00"]

1. d4 g6 2. c4 Bg7 3. Nc3 d6 4. e4 e5 5. Be3 exd4 6. Bxd4 Nf6 7. f3 Nc6 8. Be3 O-O 9. Nge2 Ne5 10. Nd4 c6 11. Be2 d5 12. cxd5 cxd5 13. exd5 Nxd5 14. Nxd5 Qxd5 15. Nb3 Rd8 16. Kf2 Be6 17. Qxd5 Bxd5 18. Rhd1 b6 19. Bd4 Nc4 20. Bxg7 Kxg7 21. Rxd5 Rxd5 22. Bxc4 Rd6 23. Re1 Rc8 24. Ba6 Rc2+ 25. Re2 Rdc6 26. Bd3 Rxe2+ 27. Kxe2 Kf6 28. Ke3 Ke7 29. Kd4 Rd6+ 30. Ke3 Re6+ 31. Kd2 Rd6 32. Nc1 h5 33. h4 Rd4 34. g3 Rd8 35. Ne2 Kd6 36. Nf4 Ke5 37. Ke3 Rc8 38. b3 Rc1 39. Ne2 Ra1 40. a4 Re1 41. Bc4 Kf6 42. Kd4 Rf1 43. f4 Rd1+ 44. Ke4 Re1 45. Kd5 Kf5 46. Kc6 f6 47. Kb7 Kg4 48. Kxa7 1-0


[Site "https://www.chess.com"]

[Event "Titled Tuesday Blitz May 2 Early 2023"]
[White "Biriukov, Ilja"]
[Black "Popilski, Gil"]
[WhiteFideId "4113373"]
[BlackFideId "2809060"]
[WhiteElo "2426"]
[BlackElo "2537"]
[Result "0-1"]
[Round "01"]
[TimeControl "180+2"]
[Date "2023.05.02"]
[WhiteClock "0:00:00"]
[BlackClock "0:00:00"]

1. d4 g6 2. c4 Bg7 3. Nc3 d6 4. Nf3 Bg4 5. e3 Nd7 6. Be2 e5 7. O-O Ne7 8. h3 Bxf3 9. Bxf3 exd4 10. exd4 c6 11. Re1 O-O 12. Bg5 Re8 13. Qd2 Nf8 14. d5 c5 15. Re2 Qd7 16. Rae1 Nf5 17. Bg4 Rxe2 18. Rxe2 h5 19. Bxf5 Qxf5 20. Bf4 Bxc3 21. bxc3 Rd8 22. Re7 Nd7 23. Bxd6 Nb6 24. Bc7 Nxc4 25. Qe2 Rd7 26. Rxd7 Qxd7 27. Qxc4 Qxc7 28. Qd3 Kf8 29. c4 Qe5 30. Qb3 b6 31. Qc2 Ke7 32. g3 Kd6 33. h4 Qd4 34. Qe2 a6 35. Kg2 b5 36. cxb5 Qxd5+ 37. Kh2 axb5 38. Qxb5 Qxa2 39. Qb6+ Kd5 40. Qb7+ Kd4 41. Qd7+ Qd5 42. Qa4+ c4 43. Qd1+ Kc5 44. Qa4 Qf5 45. Qa7+ Kb4 46. Qb6+ Ka4 47. Qa6+ Kb3 0-1


[Site "https://www.chess.com"]

[Event "Titled Tuesday Blitz May 2 Early 2023"]
[White "Bartel, Michal"]
[Black "Rodrigues, Bruno Morado"]
[WhiteFideId "1119257"]
[BlackFideId "2115654"]
[WhiteElo "2282"]
[BlackElo "2040"]
[Result "0-1"]
[Round "01"]
[TimeControl "180+2"]
[Date "2023.05.02"]
[WhiteClock "0:00:00"]
[BlackClock "0:00:01"]

1. e4 c5 2. Nf3 Nc6 3. d4 cxd4 4. Nxd4 e5 5. Nb3 Nf6 6. Nc3 Bb4 7. Bd3 d5 8. exd5 Nxd5 9. O-O Nxc3 10. bxc3 Bxc3 11. Ba3 Bb4 12. Bxb4 Nxb4 13. Qg4 Bxg4 14. Bb5+ Nc6 15. h3 Bh5 16. Rfe1 O-O 0-1


[Site "https://www.chess.com"]

[Event "Titled Tuesday Blitz May 2 Early 2023"]
[White "Martinez Reyes, Pedro Ramon"]
[Black "Kraus, Tomas"]
[WhiteFideId "3901807"]
[BlackFideId "331708"]
[WhiteElo "2340"]
[BlackElo "2389"]
[Result "1-0"]
[Round "01"]
[TimeControl "180+2"]
[Date "2023.05.02"]
[WhiteClock "0:00:00"]
[BlackClock "0:00:00"]

1. d4 Nf6 2. c4 c5 3. d5 e6 4. Nc3 exd5 5. cxd5 Bd6 6. Nf3 O-O 7. g3 a6 8. a4 Re8 9. Bg2 Bc7 10. d6 Ba5 11. O-O Nc6 12. Qc2 Rb8 13. e4 b5 14. axb5 axb5 15. Bg5 Bxc3 16. bxc3 h6 17. Bh4 Re6 18. Bh3 Qe8 19. Bxe6 Qxe6 20. Bxf6 Qxf6 21. Qe2 Qxd6 22. Qe3 Qe7 23. Rfd1 b4 24. cxb4 cxb4 25. Nd4 Ne5 26. Nf5 Qf8 27. f4 Nc4 28. Qd4 Nb6 29. Rab1 d5 30. Rxb4 dxe4 31. Nd6 1-0


[Site "https://www.chess.com"]

[Event "Titled Tuesday Blitz May 2 Early 2023"]
[White "Ng, Gary"]
[Black "Soham Kamotra"]
[WhiteFideId "2604914"]
[BlackFideId "46647490"]
[WhiteElo "2213"]
[BlackElo "2209"]
[Result "0-1"]
[Round "01"]
[TimeControl "180+2"]
[Date "2023.05.02"]
[WhiteClock "0:00:00"]
[BlackClock "0:00:00"]

1. d4 Nf6 2. Bf4 b6 3. e3 Bb7 4. Nf3 Nh5 5. Bg5 h6 6. Bh4 g5 7. Bg3 d6 8. Nbd2 Bg7 9. Bd3 Nd7 10. Qe2 e6 11. e4 Nxg3 12. hxg3 c5 13. c3 Qc7 14. Nc4 b5 15. Ne3 cxd4 16. cxd4 Qa5+ 17. Kf1 a6 18. a3 Rc8 19. b4 Qb6 20. Rd1 Rc3 21. Qb2 Qc7 22. Ke2 O-O 23. Rc1 Rc8 24. Kd2 Rxc1 25. Rxc1 Qb6 26. Rxc8+ Bxc8 27. Qc3 Bb7 28. Bc2 Nf6 29. Qd3 Bxe4 30. Qc3 Bb7 31. Ke2 Qc6 32. Qxc6 Bxc6 33. g4 Nd5 34. Nxd5 Bxd5 35. g3 Bxf3+ 36. Kxf3 Bxd4 37. Be4 d5 38. Bd3 Bb2 39. a4 bxa4 40. Ke3 Bc3 41. Bxa6 a3 0-1


[Site "https://www.chess.com"]

[Event "Titled Tuesday Blitz May 2 Early 2023"]
[White "Pajeken, Jakob Leon"]
[Black "Garrido, Denis"]
[WhiteFideId "12942839"]
[BlackFideId "601217"]
[WhiteElo "2414"]
[BlackElo "2205"]
[Result "1-0"]
[Round "01"]
[TimeControl "180+2"]
[Date "2023.05.02"]
[WhiteClock "0:00:00"]
[BlackClock "0:00:00"]

1. d4 Nf6 2. Nf3 g6 3. g3 Bg7 4. Bg2 O-O 5. O-O d6 6. b3 a5 7. Bb2 a4 8. c4 c6 9. Nc3 a3 10. Bc1 Bf5 11. Nh4 Bd7 12. e4 e5 13. Nf3 Qe7 14. h3 Rd8 15. Re1 h6 16. Be3 Be8 17. Qd2 Kh7 18. Rad1 Na6 19. Qc1 Qc7 20. Qxa3 Nc5 21. Qc1 Ncxe4 22. Nxe4 Nxe4 23. Qc2 Nf6 24. dxe5 dxe5 25. Bc1 Rxd1 26. Rxd1 Bd7 27. g4 Kg8 28. Qe2 Nh7 29. c5 Nf8 30. b4 Ne6 31. Qc4 Rb8 32. a4 b5 33. cxb6 Rxb6 34. a5 Rb8 35. Be3 Bf8 36. Bb6 Qc8 37. Nxe5 Be8 38. Bxc6 Nf4 39. Qxf4 1-0


[Site "https://www.chess.com"]